 Dungeon Crawl Stone Soup version 0.29.1-2-gbd0b4ee654 (webtiles) character file.

Game seed: 7148196187500253170

31196 cdecastro the Warrior (level 13, -2/163 HPs)
             Began as an Ogre Berserker on Nov 2, 2022.
             Was an Elder of Trog.
             Slain by a rakshasa
             ... wielding a +0 trident
              (20 damage)
             ... on level 15 of the Dungeon.
             The game lasted 00:36:56 (19014 turns).

cdecastro the Warrior (Ogre Berserker)             Turns: 19014, Time: 00:36:58

Health: -2/163     AC:  9    Str: 32    XL:     13   Next: 56%
Magic:  6/13       EV: 10    Int:  8    God:    Trog [****..]
Gold:   460        SH:  0    Dex: 15    Spells: 12/12 levels left

rFire   . . .      SeeInvis .   o - +6 hand axe "Betwauff" {flame, Dex+5}
rCold   . . .      Faith    .   (no shield)
rNeg    . . .      Spirit   .   a - +0 acid dragon scales
rPois   .          Reflect  .   n - +1 hat
rElec   .          Harm     .   J - +0 cloak
rCorr   +          Rampage  .   (gloves unavailable)
Will    +....                   (boots unavailable)
Stlth   +.........              U - amulet of regeneration
HPRegen 1.17/turn               X - ring of flight
MPRegen 0.13/turn               P - +6 ring of strength

@: on berserk cooldown, flying, slowed, very slow
A: large, unfitting armour, tough skin 1
a: Renounce Religion, Berserk, Trog's Hand, Brothers in Arms


You were on level 15 of the Dungeon.
You worshipped Trog.
Trog was greatly pleased with you.
You visited 2 branches of the dungeon, and saw 16 of its levels.
You also visited: Ossuary.

You collected 958 gold pieces.
You spent 498 gold pieces at shops.

Inventory:

Hand Weapons
 o - the +6 hand axe "Betwauff" (weapon) {flame, Dex+5}
   (You found it on level 2 of the Dungeon)

   It burns those it strikes, dealing additional fire damage.
   Big, fiery blades are also staple armaments of hydra-hunters.
   Dex:       It affects your dexterity (+5).
 C - a +1 spectral giant spiked club
Missiles
 b - 13 large rocks
 d - 63 poisoned darts (quivered)
 g - 2 boomerangs of dispersal
 z - 2 curare-tipped darts
 F - 12 boomerangs
 R - 3 atropa-tipped darts
 W - 2 javelins
Armour
 a - +0 acid dragon scales (worn)
 n - a +1 hat (worn)
 J - a +0 cloak (worn)
Jewellery
 P - a +6 ring of strength (right hand)
 U - an amulet of regeneration (around neck)
 X - a ring of flight (left hand)
Wands
 j - a wand of mindburst (15)
 p - a wand of paralysis (13)
 A - a wand of acid (13)
 L - a wand of flame (16)
 Y - a wand of roots (2)
 Z - a wand of digging (3)
Scrolls
 c - 2 scrolls of enchant weapon
 e - 3 scrolls of identify
 i - 3 scrolls of butterflies
 k - 2 scrolls of magic mapping
 m - 6 scrolls of teleportation
 q - a scroll of poison
 t - 3 scrolls of immolation
 v - a scroll of brand weapon
 w - 3 scrolls of torment
 x - 3 scrolls of blinking
 y - 3 scrolls of amnesia
 D - 2 scrolls of summoning
 I - 2 scrolls of vulnerability
 K - 3 scrolls of fear
 Q - 5 scrolls of enchant armour
Potions
 f - 2 potions of might
 h - 2 potions of magic
 r - a potion of resistance
 s - 7 potions of curing
 B - 4 potions of haste
 E - 4 potions of attraction
 G - 3 potions of berserk rage
 H - a potion of cancellation
 M - 4 potions of ambrosia
 N - 3 potions of heal wounds
 O - 2 potions of flight
 S - a potion of brilliance
 T - 4 potions of mutation
Miscellaneous
 u - a lightning rod (4/4)
 V - a box of beasts


   Skills:
 + Level 19.5 Fighting
 - Level 5.5(11.4) Axes
 * Level 14.3(14.6) Maces & Flails
 - Level 5.0 Throwing
 - Level 2.6 Dodging


You had 12 spell levels left.
You didn't know any spells.
Your spell library contained the following spells:

 Spells                   Type           Power      Damage    Failure   Level
 Magic Dart               Conj           0%         1d3       45%         1
 Summon Small Mammal      Summ           0%         N/A       45%         1
 Call Imp                 Summ           0%         N/A       61%         2
 Call Canine Familiar     Summ           0%         N/A       83%         3
 Gell's Gravitas          Tloc           0%         N/A       83%         3
 Lesser Beckoning         Tloc           0%         N/A       83%         3
 Mephitic Cloud           Conj/Pois/Air  0%         N/A       83%         3
 Summon Guardian Golem    Hex/Summ       0%         N/A       83%         3
 Teleport Other           Tloc           0%         N/A       83%         3


Dungeon Overview and Level Annotations

Branches:
Dungeon (15/15)            Temple (1/1) D:4            Lair (0/5) D:8
    Orc (0/2) D:10         Vaults (0/5) D:13        Ossuary (visited)
 Depths: D:15

Altars:
Ashenzari
Cheibriados
Dithmenos
Elyvilon
Fedhas
Gozag
Hepliaklqana
Kikubaaqudgha
Makhleb
Nemelex Xobeh
Okawaru
Qazlal
Ru
Sif Muna
Trog
Uskayaw
Vehumet
Wu Jian
Xom
Yredelemnul
Zin
The Shining One

Shops:
D:7 !   D:8 *   D:9 :   D:10 :

Annotations:
D:6 1 runed translucent door, Jingleheimer's ghost, amateur HOMo


Innate Abilities, Weirdness & Mutations

You are too large for most types of armour.
You have tough skin. (AC +1)


Message History

The rakshasa is severely wounded.
You hit the rakshasa but do no damage.
The rakshasa hits you from afar with a +0 trident.
* * * LOW HITPOINT WARNING * * *
The rakshasa hits you with a +0 trident!
* * * LOW HITPOINT WARNING * * *
The rakshasa hits you with a +0 trident.
* * * LOW HITPOINT WARNING * * *
You hit the rakshasa. You burn the rakshasa. You punch the rakshasa.
The rakshasa is almost dead.
You slash the rakshasa! You burn the rakshasa.
The rakshasa barely misses you. x3
Unknown command.
You hit the rakshasa but do no damage.
The rakshasa is almost dead.
You barely miss the rakshasa.
The rakshasa blinks!
The rakshasa barely misses you.
The rakshasa hits you with a +0 trident!
* * * LOW HITPOINT WARNING * * *
Unknown command.
You slash the rakshasa! You burn the rakshasa.
You kill the rakshasa!
The rakshasa shimmers and vanishes!
The rakshasa blinks!
Unknown command.
Okay, then.
Press: ? - help, v - describe, . - travel
Here: a rakshasa, wielding a +0 trident and wearing a +0 robe (almost dead)
The floor.
Throw: 14 large rocks
Press: ? - help, Shift-Dir - straight line, f - rakshasa
Aim: a rakshasa, wielding a +0 trident and wearing a +0 robe (severely wounded, 59% to hit)
You throw a large rock.
The large rock closely misses the rakshasa.
The rakshasa barely misses you.
The rakshasa hits you from afar with a +0 trident!
* * * LOW HITPOINT WARNING * * *
The rakshasa blinks!
The rakshasa hits you from afar with a +0 trident.
* * * LOW HITPOINT WARNING * * *
The rakshasa hits you from afar with a +0 trident!!
You die...

# #...........###
# #.#...###.### #
#.#.(.###.###
###.#..#......###
#....)....###...#
..........# ###.#
#.........# #'#
#..<......# ##.##
.....###### #R.@#
.....# #.R.§.#
####.# #....§# #
#..# ##...## ##.#
##G## .# #.. .#
##. .# #


You could see a great orb of eyes and 2 rakshasas.

Vanquished Creatures
  A great orb of eyes (D:15)
  3 hydras
  Harold (D:11)
  2 boulder beetles
  A catoblepas (D:14)
  3 centaur warriors
  3 two-headed ogres
  3 tengu warriors
  An iron troll (D:13)
  Pikel (D:5)
  4 deep elf pyromancers
  3 manticores
  3 cyclopes
  2 ugly things
  A guardian serpent (shapeshifter) (D:13)
  2 gargoyles
  An unseen horror (D:11)
  Maggie (D:10)
  A kobold demonologist (D:11)
  2 tengu conjurers
  A komodo dragon (D:12)
  A freezing wraith (D:13)
  A merfolk (D:14)
  3 trolls
  A hornet (D:9)
  12 slime creatures
  Grinder (D:6)
  A raiju (shapeshifter) (D:13)
  A vampire (D:12)
  19 yaks
  2 wyverns
  A steam dragon (D:7)
  2 basilisks
  3 vampire mosquitoes (D:12)
  Menkaure (D:4)
  2 acid dragons
  2 water moccasins
  5 orc warriors
  A sky beast (D:8)
  3 ogres
  9 centaurs
  3 phantoms (D:5)
  Blork the orc (D:4)
  4 kobold brigands
  A bullfrog (D:5)
  A necrophage (D:6)
  2 scorpions
  23 killer bees
  7 howler monkeys
  4 hounds
  2 jellies
  8 orc priests
  Crazy Yiuf (D:5)
  Jessica (D:3)
  11 orc wizards
  Ijyb (D:3)
  Natasha (D:3)
  2 iguanas
  3 mummies (Ossuary)
  7 adders
  A shadow imp (D:7)
  An ufetubus (D:6)
  2 adder zombies (Ossuary)
  A worm (D:3)
  A dart slug (D:5)
  47 orcs
  8 endoplasms
  3 giant cockroaches
  A gnoll zombie (Ossuary)
  7 goblins
  6 hobgoblins
  3 jackals (D:2)
  6 quokkas
  5 ball pythons
  8 bats
  6 frilled lizards
  A goblin zombie (Ossuary)
  6 hobgoblin zombies (Ossuary)
  34 kobolds
  An orc zombie (Ossuary)
  2 quokka zombies (Ossuary)
  3 rats
  5 rat zombies (Ossuary)
  A spectral goblin (D:13)
353 creatures vanquished.

Notes
Turn   | Place    | Note
-------+----------+-------------------------------------------
     0 | D:1      | cdecastro the Ogre Berserker began the quest for the Orb.
     0 | D:1      | Reached XP level 1. HP: 24/24 MP: 1/1
   201 | D:1      | Reached XP level 2. HP: 19/32 MP: 2/2
  1267 | D:2      | Reached XP level 3. HP: 40/40 MP: 3/3
  1340 | D:2      | Identified the +6 hand axe "Betwauff" {flame, Dex+5}
  1341 | D:2      | Reached ** piety under Trog
  2166 | D:2      | Reached XP level 4. HP: 49/49 MP: 4/4
  2386 | D:3      | Noticed Ijyb
  2391 | D:3      | Killed Ijyb
  2392 | D:3      | Reached skill level 5 in Fighting
  2392 | D:3      | Reached skill level 1 in Axes
  2499 | D:3      | Noticed Jessica
  2508 | D:3      | Killed Jessica
  2509 | D:3      | Reached XP level 5. HP: 53/57 MP: 5/5
  2589 | D:3      | Found an ornate altar of the Wu Jian Council.
  2615 | D:3      | Found a faded altar of an unknown god.
  2616 | D:3      | Noticed Natasha
  2620 | D:3      | Killed Natasha
  2890 | D:3      | You fall into a shaft and drop 1 floor!
  2935 | D:3      | Reached *** piety under Trog
  3357 | D:4      | Noticed an ogre
  3419 | D:4      | Noticed Blork the orc
  3423 | D:4      | Reached XP level 6. HP: 53/67 MP: 6/6
  3496 | D:3      | Reached skill level 6 in Fighting
  3551 | D:4      | Killed Blork the orc
  3789 | D:4      | Reached XP level 7. HP: 76/76 MP: 7/7
  3870 | D:4      | Reached skill level 7 in Fighting
  3870 | D:4      | Reached skill level 5 in Axes
  3955 | D:4      | Found a staircase to the Ecumenical Temple.
  4442 | Temple   | Entered the Ecumenical Temple
  4519 | D:5      | Entered Level 5 of the Dungeon
  4578 | D:5      | Noticed Menkaure
  4589 | D:4      | Killed Menkaure
  4685 | D:5      | Reached XP level 8. HP: 88/88 MP: 8/8
  4686 | D:5      | Reached skill level 5 in Maces & Flails
  4836 | D:5      | Reached skill level 8 in Fighting
  4923 | D:5      | Noticed Pikel
  4935 | D:5      | Killed Pikel
  4936 | D:5      | Reached skill level 9 in Fighting
  5039 | D:5      | Found a broken altar of Ashenzari.
  5259 | D:5      | Reached XP level 9. HP: 93/98 MP: 9/9
  5766 | D:5      | Found a runed translucent door.
  5769 | D:5      | Noticed Crazy Yiuf
  5859 | D:5      | Killed Crazy Yiuf
  6035 | D:6      | Noticed Grinder
  6042 | D:6      | Killed Grinder
  6073 | D:6      | HP: 5/101 [water moccasin (2)]
  6076 | D:6      | Reached skill level 10 in Fighting
  6079 | D:6      | HP: 4/101 [poisoned by a water moccasin]
  6291 | D:6      | Reached **** piety under Trog
  6420 | D:6      | Found an opulent altar of Gozag.
  6537 | D:6      | Found a sand-covered staircase.
  6544 | Ossuary  | Entered an ossuary
  6822 | D:6      | Found a burning altar of Makhleb.
  7113 | D:6      | Found a runed translucent door.
  7116 | D:6      | Noticed Jingleheimer's ghost (amateur HOMo)
  7243 | D:6      | Reached skill level 11 in Fighting
  7699 | D:7      | Found Tuhirris's Distillery.
  7708 | D:7      | Bought a potion of heal wounds for 60 gold pieces
  7708 | D:7      | Bought a potion of haste for 120 gold pieces
  7708 | D:7      | Bought a potion of curing for 36 gold pieces
  7708 | D:7      | Bought a potion of curing for 36 gold pieces
  7708 | D:7      | Bought a potion of ambrosia for 96 gold pieces
  7774 | D:7      | Reached XP level 10. HP: 65/113 MP: 10/10
  8933 | D:7      | Reached skill level 10 in Maces & Flails
  9133 | D:7      | Found an ancient bone altar of Kikubaaqudgha.
  9348 | D:8      | Found a staircase to the Lair.
  9378 | D:8      | Found Utoamitz's General Store.
  9430 | D:8      | Bought a scroll of teleportation for 36 gold pieces
  9430 | D:8      | Bought a scroll of blinking for 90 gold pieces
  9430 | D:8      | Bought a scroll of identify for 24 gold pieces
  9536 | D:8      | Found a shadowy altar of Dithmenos.
  9568 | D:8      | Found a glowing silver altar of Zin.
  9866 | D:8      | Reached ***** piety under Trog
 10086 | D:8      | Reached skill level 12 in Fighting
 10700 | D:8      | Found a radiant altar of Vehumet.
 11119 | D:9      | Noticed a tengu warrior
 11129 | D:9      | Killed a tengu warrior
 11736 | D:9      | Found Byoss's Book Boutique.
 11947 | D:9      | Reached XP level 11. HP: 126/126 MP: 11/11
 11957 | D:9      | Reached skill level 13 in Fighting
 12621 | D:10     | Entered Level 10 of the Dungeon
 12820 | D:10     | Found Aciph's Book Shoppe.
 12923 | D:10     | Noticed a two-headed ogre
 12940 | D:10     | Killed a two-headed ogre
 13191 | D:10     | Found a staircase to the Orcish Mines.
 13478 | D:10     | Found an iron altar of Okawaru.
 13557 | D:10     | Reached skill level 1 in Throwing
 13738 | D:10     | Noticed Maggie
 13749 | D:10     | Killed Maggie
 14359 | D:11     | Noticed a two-headed ogre
 14371 | D:11     | Killed a two-headed ogre
 14644 | D:11     | Reached skill level 14 in Fighting
 14651 | D:11     | Reached skill level 5 in Throwing
 14769 | D:11     | Noticed a cyclops
 14782 | D:11     | Killed a cyclops
 14783 | D:11     | Reached skill level 15 in Fighting
 14954 | D:11     | Noticed a cyclops
 14961 | D:11     | Killed a cyclops
 15046 | D:11     | Reached XP level 12. HP: 142/143 MP: 12/12
 15152 | D:11     | Noticed Harold
 15165 | D:11     | Killed Harold
 15166 | D:11     | Reached skill level 16 in Fighting
 15403 | D:11     | Found a hide-covered altar of Uskayaw.
 15498 | D:12     | Noticed a two-headed ogre
 15509 | D:12     | Killed a two-headed ogre
 15602 | D:12     | Reached skill level 17 in Fighting
 15854 | D:12     | Found a shimmering blue altar of Sif Muna.
 16230 | D:13     | Reached skill level 18 in Fighting
 16474 | D:13     | Noticed a four-headed hydra
 16482 | D:13     | Killed a one-headed hydra
 16893 | D:13     | Noticed a boulder beetle
 16922 | D:13     | Killed a boulder beetle
 17083 | D:13     | Found a hazy altar of Hepliaklqana.
 17144 | D:13     | Noticed a five-headed hydra
 17144 | D:13     | Noticed an iron troll
 17144 | D:13     | Noticed a vault guard
 17160 | D:13     | Killed a one-headed hydra
 17161 | D:13     | Reached XP level 13. HP: 67/161 MP: 13/13
 17164 | D:13     | HP: 8/161 [iron troll (20)]
 17525 | D:13     | Found a gate to the Vaults.
 17751 | D:14     | Reached skill level 19 in Fighting
 18154 | D:14     | Identified the ring of Wojidd {rElec Str+3 Int+6 Slay-3
                  | Stlth+}
 18690 | D:15     | Entered Level 15 of the Dungeon
 18984 | D:15     | Noticed a rakshasa
 18988 | D:15     | Noticed a great orb of eyes
 19000 | D:15     | Paralysed by a great orb of eyes for 3 turns
 19006 | D:15     | Killed a great orb of eyes
 19014 | D:15     | Noticed a great orb of eyes
 19014 | D:15     | Slain by a rakshasa

Illustrated notes

Levels and vault maps discovered:
D:1:      elethiomel_arrival_shortcut, layout_basic, st_stairs_2
D:2:      layout_basic, serial_corexii_hall, corexii_hall_statues_i,
          chequers_hall_statues_y, minmay_misc_feat_square, grunt_ministairs_8,
          chequers_serial_rivers_micro_c, minmay_split_cup_small
D:3:      layout_basic, nicolae_wu_jian_glorious_leap,
          ebering_ecumenical_altar_mist, uniq_ijyb, uniq_jessica, uniq_natasha
D:4:      layout_gridville, minmay_temple_entry_slanted, uniq_blork_the_orc
D:5:      layout_loops_ring, nicolae_ashenzari_skybound, st_stairs_1,
          uniq_crazy_yiuf_cottage, uniq_menkaure, uniq_pikel
D:6:      layout_loops_ring, mainiacjoe_overflow_alcove_1,
          overflow_temple_1_default, ebering_ghost_sewer_d,
          chequers_ossuary_entry_cave, supply_closet_lemuel, uniq_grinder
D:7:      layout_cave_pools, lemuel_round_altar, serial_glass, glass_columns_c,
          glass_columns_a, serial_shops, shop
D:8:      layout_basic, vehumet_crystals, mainiacjoe_overflow_two_lobes,
          lair_entry_dummy, serial_shops, nicolae_shop_trees,
          minmay_misc_feat_tower
D:9:      layout_stronghold, serial_shops, kennysheep_mini_moat, chequers_avenue
D:10:     layout_loops_corners, mainiacjoe_overflow_chevrons, david_orc_3,
          serial_shops, nicolae_diamond_shop, uniq_maggie
D:11:     layout_loops_ring, nicolae_uskayaw_dance_studio, uniq_harold
D:12:     layout_basic, nicolae_sif_muna_little_library
D:13:     layout_long_grid, david_vaults_4,
          nicolae_hepliaklqana_monster_ancestors
D:14:     layout_basic, minmay_crystal_room, hangedman_fish_farm
D:15:     gammafunk_enter_depths_forms, layout_rooms, gauntlet_entry_generic,
          grunt_decor_clamped
Temple:   nicolae_temple_god_jail

Skill      XL: |  1  2  3  4  5  6  7  8  9 10 11 12 13 |
---------------+----------------------------------------+-----
Maces & Flails | 3 4 7 9 11 13 14 | 14.3
Fighting       | 5 6 7 9 11 12 15 18 19 | 19.5
Axes           | 1 3 4 5 |  5.5
Throwing       | 5 |  5.0
Dodging        | |  2.6

Action                   |  1- 3 |  4- 6 |  7- 9 | 10-12 | 13-15 || total
-------------------------+-------+-------+-------+-------+-------++-------
Melee: Mace              |   134 |     1 |       |       |       ||   135
       Hand axe          |       |    63 |   256 |   577 |   135 ||  1031
       Punch             |       |     1 |     4 |     4 |     3 ||    12
Throw: Dart              |       |       |     3 |    46 |    23 ||    72
       Boomerang         |       |       |       |       |     6 ||     6
       Large rock        |       |       |       |       |     1 ||     1
Invok: Berserk           |     2 |     3 |     6 |    19 |     6 ||    36
       Trog's Hand       |       |       |     2 |       |       ||     2
  Use: Potion            |       |       |     4 |     1 |     1 ||     6
       Scroll            |       |       |       |    22 |     5 ||    27
 Stab: Sleeping          |       |     2 |     2 |     2 |       ||     6
       Distracted        |       |       |     1 |       |     1 ||     2
Armor: Animal skin       |    56 |    14 |    50 |    56 |       ||   176
       Acid dragon scale |       |       |       |    98 |    68 ||   166
Dodge: Dodged            |   113 |    26 |    97 |   241 |    80 ||   557
